 Dungeon Crawl Stone Soup version 0.20-a0 (webtiles) character file.

491 varam the Chopper (level 7, 0/41 HPs)
             Began as a Gargoyle Fighter on Oct 27, 2016.
             Slain by a worker ant (2 damage)
             ... on level 6 of the Dungeon.
             The game lasted 00:07:23 (3890 turns).

varam the Chopper (Gargoyle Fighter)                Turns: 3890, Time: 00:07:23

Health: 0/41       AC: 12    Str: 20    XL:     7   Next: 14%
Magic:  7/7        EV:  7    Int:  9    God:
Gold:   282        SH:  9    Dex: 10    Spells: 0 memorised, 6 levels left

rFire  . . .     SeeInvis .     y - +0 hand axe (flame)
rCold  . . .     Gourm    .     b - +0 scale mail
rNeg   + . .     Faith    .     c - +0 shield
rPois  ∞         Spirit   .     (no helmet)
rElec  +         Reflect  .     o - +0 cloak
rCorr  .         Harm     .     (no gloves)
MR     .....                    (no boots)
Stlth  ..........               (no amulet)
                                (no ring)
                                (no ring)

@: no status effects
A: negative energy resistance 1, electricity resistance, unbreathing,
petrification resistance, rot immunity, AC +4
a: no special abilities


You were on level 6 of the Dungeon.
You were very hungry.

You visited 1 branch of the dungeon, and saw 6 of its levels.
You also visited: Ossuary.

You collected 282 gold pieces.

Inventory:

Hand Weapons
 a - a +0 war axe
 y - a +0 hand axe of flaming (weapon)
Armour
 b - a +0 scale mail (worn)
 c - a +0 shield (worn)
 o - a +0 cloak (worn)
Wands
 s - a wand of confusion (16/48)
 w - a wand of teleportation (4/9)
Scrolls
 j - 2 scrolls of enchant weapon {unknown}
 m - a scroll of noise {unknown}
 n - 3 scrolls of recharging {unknown}
 r - 2 scrolls of identify {unknown}
 t - a scroll of immolation {unknown}
 v - 2 scrolls of fog {unknown}
 x - a scroll of amnesia {unknown}
 A - a scroll of magic mapping {unknown}
 C - 2 scrolls of remove curse {unknown}
Potions
 d - 2 potions of might
 e - 2 potions of heal wounds
 k - 2 potions of resistance {unknown}
 l - a potion of ambrosia {unknown}
 p - a potion of cancellation {unknown}
 q - a potion of mutation {unknown}
 u - a potion of degeneration {unknown}
 B - 2 potions of flight {unknown}
 D - a potion of agility {unknown}
 E - 2 potions of curing {unknown}
 F - a potion of brilliance {unknown}
 G - a potion of haste
 H - a potion of lignification {unknown}
Comestibles
 f - 3 bread rations
 g - a royal jelly
 h - a slice of pizza
 i - 3 meat rations
 z - a beef jerky


   Skills:
 - Level 3.2 Fighting
 + Level 6.9 Axes
 - Level 3.2 Armour
 - Level 3.2 Shields


You had 6 spell levels left.
You didn't know any spells.

Dungeon Overview and Level Annotations

Branches:
Dungeon (6/15)
 Temple: D:4-7

Altars:
Yredelemnul

Annotations:
D:3 Natasha


Innate Abilities, Weirdness & Mutations

You are resistant to torment.
Your stone body is resilient. (AC +4)
You are immune to poison.
You resist negative energy. (rN+)
You are resistant to electric shocks. (rElec)
You can survive without breathing.
You are immune to petrification.
You are immune to rotting.


Message History

There is a stone staircase leading up here.
The ogre closely misses you.
Found a stone staircase leading down.
Found 11 poisoned needles.
There is a stone staircase leading down here.
You climb downwards.
A worker ant comes into view.
The worker ant twitches its antennae in your direction.
Found 15 stones and a scroll labeled VIV QEORITUGG.
Found a stone staircase leading down.
There is a stone staircase leading up here.
A worker ant is nearby!
You hit the worker ant but do no damage.
The worker ant bites you.
* * * LOW HITPOINT WARNING * * *
You hit the worker ant but do no damage.
The worker ant bites you but does no damage.
You completely miss the worker ant. The worker ant barely misses you.
You closely miss the worker ant. The worker ant bites you.
You die...

..# #
#..### ..
#....#
...#....#
.....>..#
#.....#
#?.a.#
#...@#
#....#
#....#
######


You could see a worker ant.

Vanquished Creatures
  A hound (D:3)
  Crazy Yiuf (D:2)
  An orc priest (D:3)
  An orc wizard (D:3)
  Jessica (D:2)
  Ijyb (D:2)
  Terence (D:2)
  Natasha (D:3)
  A worker ant (D:4)
  A big kobold zombie (Ossuary)
  8 mummies (Ossuary)
  6 adders
  2 oozes (D:3)
  4 orcs (D:3)
  7 bats
  3 giant cockroaches
  A gnoll zombie (Ossuary)
  7 goblins
  7 hobgoblins
  2 jackals (D:1)
  3 quokkas
  10 frilled lizards
  A goblin zombie (D:4)
  4 hobgoblin zombies (Ossuary)
  4 kobolds
  A kobold zombie (Ossuary)
  An orc zombie (Ossuary)
  A quokka zombie (D:4)
  5 rats
  A spectral orc (D:2)
88 creatures vanquished.

Notes
Turn   | Place    | Note
-------+----------+-------------------------------------------
     0 | D:1      | varam the Gargoyle Fighter began the quest for the Orb.
     0 | D:1      | Reached XP level 1. HP: 14/14 MP: 1/1
     5 | D:1      | Noticed an electric eel
     5 | D:1      | Noticed an electric eel
    22 | D:1      | Reached skill level 2 in Axes
   145 | D:1      | Reached XP level 2. HP: 19/19 MP: 2/2
   641 | D:2      | Reached skill level 3 in Axes
   728 | D:2      | Found a basalt altar of Yredelemnul.
   733 | D:2      | Reached XP level 3. HP: 23/23 MP: 3/3
   877 | D:2      | Noticed Ijyb
   937 | D:2      | Killed Ijyb
   937 | D:2      | Reached XP level 4. HP: 22/28 MP: 4/4
  1105 | D:2      | Reached skill level 4 in Axes
  1230 | D:2      | Noticed Jessica
  1244 | D:2      | Killed Jessica
  1244 | D:2      | Reached XP level 5. HP: 28/32 MP: 5/5
  1414 | D:2      | Noticed Terence
  1429 | D:2      | Killed Terence
  1429 | D:2      | Reached skill level 5 in Axes
  1495 | D:2      | Found a runed door.
  1730 | D:2      | Noticed Crazy Yiuf
  1739 | D:2      | Killed Crazy Yiuf
  1851 | D:3      | Noticed Natasha
  1870 | D:3      | Killed Natasha
  1870 | D:3      | Reached XP level 6. HP: 13/37 MP: 6/6
  2405 | D:3      | Noticed Natasha
  2868 | D:3      | Reached skill level 6 in Axes
  3266 | D:4      | Found a sand-covered staircase.
  3273 | Ossuary  | Entered an ossuary
  3483 | Ossuary  | Reached XP level 7. HP: 35/41 MP: 7/7
  3830 | D:4      | HP: 1/41 [ogre/giant spiked club (19)]
  3840 | D:5      | Entered Level 5 of the Dungeon
  3887 | D:6      | HP: 2/41 [worker ant (5)]
  3890 | D:6      | Slain by a worker ant

Vault maps used:
D:1:      arrival_aquarium_b, minmay_pentomino_p4
D:2:      yredelemnul_forgotten_temple_becter, first_bread,
          uniq_crazy_yiuf_cottage, uniq_iyjb, uniq_jessica, uniq_terence
D:3:      kennysheep_generic_room_15, uniq_natasha
D:4:      enter_ossuary_4, st_stairs_8, uniq_eustachio
D:5:      uniq_edmund
Ossuary:  ossuary_tomb_3

Skill      XL: |  1  2  3  4  5  6 |
---------------+-------------------+-----
Axes           | 2 3 4 5 6 |  6.9
Fighting       | |  3.2
Armour         | |  3.2
Shields        | |  3.2

Action                   |  1- 3 |  4- 6 |  7- 9 || total
-------------------------+-------+-------+-------++-------
Melee: War axe           |   108 |   176 |       ||   284
       Hand axe          |       |    51 |    42 ||    93
  Eat: Chunk             |       |     9 |       ||     9
Armor: Scale mail        |    75 |   112 |     9 ||   196
Dodge: Dodged            |    43 |    69 |     7 ||   119
Block: Shield            |    51 |   105 |    15 ||   171
